 Dungeon Crawl Stone Soup version 0.21-a0-531-gacddea6 (webtiles) character file.

85 slep the Chopper (level 4, 0/23 HPs)
             Began as a Vine Stalker Gladiator on Dec 13, 2017.
             Slain by a worm (5 damage)
             ... on level 2 of the Dungeon.
             The game lasted 00:03:42 (846 turns).

slep the Chopper (Vine Stalker Gladiator)            Turns: 846, Time: 00:03:43

Health: 0/23       AC:  5    Str: 16    XL:     4   Next: 48%
Magic:  0/5        EV: 13    Int:  8    God:
Gold:   28         SH:  0    Dex: 17    Spells: 3/3 levels left

rFire    . . .     SeeInvis .   a - +0 war axe
rCold    . . .     Gourm    .   (no shield)
rNeg     . . .     Faith    .   b - +0 leather armour
rPois    .         Spirit   +   c - +0 helmet
rElec    .         Reflect  .   e - +0 cloak
rCorr    .         Harm     .   (no gloves)
MR       .....                  (no boots)
Stlth    +.........             (no amulet)
HPRegen  0.47/turn              (no ring)
MPRegen  0.09/turn              (no ring)

@: no status effects
A: fangs 2, regeneration 1, magic shield, antimagic bite, no potion heal 3, rot
immunity
a: no special abilities


You were on level 2 of the Dungeon.
You were not hungry.

You visited 1 branch of the dungeon, and saw 2 of its levels.

You collected 28 gold pieces.

Inventory:

Hand Weapons
 a - a +0 war axe (weapon)
Missiles
 d - 3 throwing nets (quivered)
Armour
 b - a +0 leather armour (worn)
 c - a +0 helmet (worn)
 e - a +0 cloak (worn)
Scrolls
 h - 3 scrolls of teleportation {unknown}
 i - a scroll of amnesia {unknown}
 k - 3 scrolls of identify {unknown}
 l - a scroll of remove curse {unknown}
 n - a scroll of random uselessness {unknown}
Potions
 j - a potion of curing {unknown}
 m - a potion of magic {unknown}
Comestibles
 f - a bread ration
 g - a meat ration


   Skills:
 + Level 2.3 Fighting
 + Level 3.6 Axes
 + Level 1.8 Throwing
 + Level 0.4 Armour
 + Level 3.0 Dodging


You had 3 spell levels left.
You didn't know any spells.

Dungeon Overview and Level Annotations

Branches:
Dungeon (2/15)

Altars:

Annotations:
D:2 Robin


Innate Abilities, Weirdness & Mutations

You have extremely sharp teeth.
Your natural rate of healing is unusually fast.
When hurt, damage is shared between your health and your magic reserves.
Your bite disrupts and absorbs the magic of your enemies.
Potions cannot restore your health.
You are immune to rotting.


Message History

Robin closely misses you. The goblin barely misses you.
The hobgoblin hits you with a club.
* * * LOW HITPOINT WARNING * * *
You hit the goblin.
You kill the goblin!
You slash the hobgoblin!
You kill the hobgoblin!
Robin hits you but does no damage. Robin closely misses you.
You hit the goblin.
You kill the goblin!
Robin hits you but does no damage.
You barely miss the worm. You bite the worm. You drain its power.
You feel invigorated.
The worm is lightly wounded.
Robin barely misses you. The worm bites you.
* * * LOW HITPOINT WARNING * * *
You slash the worm!
The worm is heavily wounded.
Robin closely misses you. The worm bites you!
You die...

#.......# #.......#
#.......#
###$......# #
..........# .. #
###.?.....#g... #
......g))...g.. #w#
#@## ######).##
#........#
#........#
#........#
#........# #.
#........########...
#...................
#...................


You could see a worm and Robin.

Vanquished Creatures
  A gnoll (D:1)
  An adder (D:2)
  2 oozes (D:1)
  A worm (D:2)
  2 dart slugs
  3 leopard geckos (D:1)
  2 giant cockroaches (D:1)
  14 goblins
  8 hobgoblins
  2 ball pythons (D:1)
  3 bats (D:1)
  3 kobolds (D:1)
  2 rats (D:1)
44 creatures vanquished.

Notes
Turn   | Place    | Note
-------+----------+-------------------------------------------
     0 | D:1      | slep the Vine Stalker Gladiator began the quest for the Orb.
     0 | D:1      | Reached XP level 1. HP: 11/11 MP: 2/2
    85 | D:1      | Reached XP level 2. HP: 11/15 MP: 3/3
   367 | D:1      | Reached XP level 3. HP: 18/18 MP: 4/4
   767 | D:2      | Gained mutation: Your natural rate of healing is unusually fast. [Vine Stalker growth]
   767 | D:2      | Reached XP level 4. HP: 6/23 MP: 5/5
   820 | D:2      | Noticed Robin
   846 | D:2      | Slain by a worm

Vault maps used:
D:1:      lemuel_arrival_room
D:2:      minmay_overflow_temple_star_quad, uniq_robin

Skill      XL: |  1  2  3 |
---------------+----------+-----
Axes           | 3 |  3.6
Fighting       | 2 |  2.3
Dodging        | 3 |  3.0
Throwing       | |  1.8
Armour         | |  0.4

Action                   |  1- 3 |  4- 6 || total
-------------------------+-------+-------++-------
Melee: War axe           |    74 |    37 ||   111
       Bite              |    17 |    10 ||    27
Armor: Leather armour    |    37 |    12 ||    49
Dodge: Dodged            |    70 |    30 ||   100

Table legend:
 A = Spawn XP
 B = Non-spawn XP
 C = Spawn XP percentage of total XP
 D = Spawn monster count
 E = Non-spawn monster count
 F = Spawn count percentage of total count
 G = Total turns spent on level
                    A         B        C        D         E        F      G
               +---------+---------+-------+---------+---------+-------+---------
         Total |       0 |     122 |   0.0 |       0 |      44 |   0.0 |   846
               +---------+---------+-------+---------+---------+-------+---------
           D:1 |       0 |      67 |   0.0 |       0 |      24 |   0.0 |   668
           D:2 |       0 |      55 |   0.0 |       0 |      20 |   0.0 |   178
               +---------+---------+-------+---------+---------+-------+---------
